 Dungeon Crawl Stone Soup version 0.28.0 (webtiles) character file.

Game seed: 17034434577650072585

1615 NobodyHome the Protected (level 8, -5/63 (66) HPs)
             Began as a Minotaur Berserker on Feb 10, 2022.
             Was a Believer of Trog.
             Slain by a wight (11 damage)
             ... on level 6 of the Dungeon.
             The game lasted 00:11:33 (4821 turns).

NobodyHome the Protected (Minotaur Berserker)       Turns: 4821, Time: 00:11:34

HP:   -5/63 (66)    AC: 15    Str: 22    XL:     8   Next: 64%
MP:   7/7           EV:  8    Int:  4    God:    Trog [**....]
Gold: 320           SH:  0    Dex: 12    Spells: 7/7 levels left

rFire   . . .      SeeInvis .   w - +1 hand axe (drain)
rCold   + . .      Faith    .   u - orb {light}
rNeg    . . .      Spirit   .   d - +0 plate armour
rPois   .          Reflect  .   (helmet restricted)
rElec   .          Harm     .   (no cloak)
rCorr   .          Rampage  .   (no gloves)
Will    .....                   e - +0 pair of boots
Stlth   ..........              (no amulet)
HPRegen 0.20/turn               n - ring of protection from cold
MPRegen 0.10/turn               (no ring)

@: glowing, lightly drained
A: horns 2, retaliatory headbutt
a: Renounce Religion, Berserk, Trog's Hand


You were on level 6 of the Dungeon.
You worshipped Trog.
Trog was pleased with you.
You visited 1 branch of the dungeon, and saw 6 of its levels.

You collected 320 gold pieces.

Inventory:

Hand Weapons
 s - a +0 war axe
 v - a +0 flail
 w - a +1 hand axe of draining (weapon)
 x - a +0 great sword
 F - a +4 halberd
Missiles
 m - 106 stones (quivered)
 t - 3 boomerangs
 E - a curare-tipped dart
Armour
 d - a +0 plate armour (worn)
 e - a +0 pair of boots (worn)
 u - an orb of light (worn)
Jewellery
 n - a ring of protection from cold (left hand)
Scrolls
 c - a scroll of enchant armour {unknown}
 f - a scroll of enchant weapon {unknown}
 i - a scroll of immolation {unknown}
 k - a scroll of blinking {unknown}
 l - 4 scrolls of teleportation {unknown}
 o - a scroll of brand weapon {unknown}
 r - 3 scrolls of identify {unknown}
 y - a scroll of acquirement {unknown}
 A - a scroll of holy word {unknown}
 B - a scroll of amnesia {unknown}
 C - a scroll of fog {unknown}
 D - a scroll of torment {unknown}
Potions
 a - a potion of degeneration {unknown}
 b - a potion of magic {unknown}
 g - 4 potions of mutation {unknown}
 h - a potion of flight {unknown}
 j - 5 potions of curing {unknown}
 p - 3 potions of haste {unknown}
 q - 2 potions of lignification {unknown}
 z - a potion of heal wounds {unknown}


   Skills:
 - Level 4.0 Fighting
 + Level 8.1 Axes
 - Level 10.0 Armour
 - Level 5.0 Dodging


You had 7 spell levels left.
You didn't know any spells.
Your spell library was empty.

Dungeon Overview and Level Annotations

Branches:
Dungeon (6/15)             Temple (0/1) D:6

Altars:


Innate Abilities, Weirdness & Mutations

You have a pair of horns on your head.
You reflexively headbutt those who attack you in melee.


Message History

You destroy the centaur zombie!
Trog accepts your kill.
Your Axes skill increases to level 8!
A wight comes into view. It is wielding a +4 halberd.
Things that are here:
a +4 halberd; a +0 robe
F - a +4 halberd
Things that are here:
a +0 falchion; a +0 robe You can't wield that with only one hand.
The wight hits you but does no damage.
Things that are here:
a +0 falchion; a +0 robe The wight hits you with a +4 halberd!
* * * LOW HITPOINT WARNING * * *
You feel drained.
* * * LOW HITPOINT WARNING * * *
You are too injured to fight recklessly!
You hit the wight but do no damage. The wight hits you but does no damage.
You hit the wight.
The wight is lightly damaged.
The wight hits you but does no damage.
You barely miss the wight. You headbutt the wight.
The wight is moderately damaged.
You hit the wight.
The wight is severely damaged.
The wight barely misses you.
You barely miss the wight.
You headbutt the wight, but do no damage.
The wight is severely damaged.
The wight hits you but does no damage.
You hit the wight but do no damage.
You headbutt the wight, but do no damage.
The wight is severely damaged.
The wight hits you with a +4 halberd!
* * * LOW HITPOINT WARNING * * *
You hit the wight but do no damage.
The wight is severely damaged.
The wight hits you with a +4 halberd!
You die...

##. ## ..#. ##.. .# ....
...... #. #...# #.....
####.######....####.....
...........#...<.......
#........#...........
#.z#...#..# #.......
##.@)..#.# #......
#.......# ##......
#......## ##...#..#
#..####.# ##..###..#
....## #.###..## ####
#.... ##.#..## ##.#
#....# ###..## ##...
#..## #...## #.### ...
####.## #...#


You could see a wight.

Vanquished Creatures
  Grinder (D:3)
  A sky beast (D:6)
  A necrophage (D:6)
  2 ice beasts (D:5)
  3 ogres
  A kobold brigand (D:6)
  2 wights (D:6)
  A bullfrog zombie (D:4)
  A centaur zombie (D:6)
  A bullfrog skeleton (D:5)
  A jelly (D:5)
  2 centaur skeletons
  3 orc priests (D:4)
  Jessica (D:3)
  2 iguanas
  Natasha (thrice) (D:3)
  2 hound zombies (D:5)
  4 gnolls (D:3)
  7 adders
  A white imp (D:5)
  An ufetubus (D:4)
  A worm (D:3)
  5 dart slugs
  5 orcs
  6 endoplasms
  3 giant cockroaches
  4 goblins
  7 hobgoblins
  6 kobolds
  2 quokkas (D:1)
  8 ball pythons
  4 bats
  6 frilled lizards
  7 rats
105 creatures vanquished.

Notes
Turn   | Place    | Note
-------+----------+-------------------------------------------
     0 | D:1      | NobodyHome the Minotaur Berserker began the quest for the
                  | Orb.
     0 | D:1      | Reached XP level 1. HP: 19/19 MP: 0/0
   192 | D:1      | Reached XP level 2. HP: 27/27 MP: 1/1
   608 | D:1      | Found a faded altar of an unknown god.
   640 | D:1      | Reached skill level 3 in Armour
   729 | D:1      | Reached XP level 3. HP: 32/33 MP: 2/2
  1542 | D:2      | Reached ** piety under Trog
  2124 | D:3      | Reached XP level 4. HP: 40/40 MP: 3/3
  2217 | D:3      | Noticed Natasha
  2225 | D:3      | Killed Natasha
  2226 | D:3      | Reached skill level 4 in Armour
  2261 | D:3      | Noticed Grinder
  2262 | D:3      | Paralysed by Grinder for 3 turns
  2268 | D:3      | Paralysed by Grinder for 5 turns
  2496 | D:3      | Killed Grinder
  2497 | D:3      | Reached skill level 5 in Armour
  2497 | D:3      | Reached XP level 5. HP: 46/46 MP: 4/4
  2497 | D:3      | Reached XP level 6. HP: 52/52 MP: 5/5
  2572 | D:3      | Reached skill level 5 in Axes
  2764 | D:3      | Noticed Natasha
  2772 | D:3      | Killed Natasha
  2773 | D:3      | Reached skill level 5 in Dodging
  2789 | D:3      | Noticed Natasha
  2796 | D:3      | Killed Natasha
  2829 | D:3      | Noticed Jessica
  2835 | D:3      | Killed Jessica
  2953 | D:4      | Reached skill level 6 in Armour
  2976 | D:4      | Reached XP level 7. HP: 57/59 MP: 6/6
  3649 | D:4      | Reached skill level 7 in Armour
  3779 | D:5      | Entered Level 5 of the Dungeon
  3893 | D:5      | Reached skill level 8 in Armour
  4037 | D:5      | Reached XP level 8. HP: 66/66 MP: 7/7
  4301 | D:6      | Found a staircase to the Ecumenical Temple.
  4309 | D:6      | Reached skill level 9 in Armour
  4800 | D:6      | Reached skill level 10 in Armour
  4821 | D:6      | Slain by a wight

Illustrated notes

Levels and vault maps discovered:
D:1:      pf_arrival_petrified_forest, layout_basic,
          chequers_ecumenical_altar_simple_redux, minmay_hedge_maze
D:2:      layout_basic
D:3:      layout_basic, uniq_grinder, uniq_natasha, uniq_jessica
D:4:      layout_basic
D:5:      layout_basic, chequers_serial_rivers_room_b
D:6:      layout_layer_cave, minmay_temple_entry_stoned_glass

Skill      XL: |  1  2  3  4  5  6  7  8 |
---------------+-------------------------+-----
Fighting       | 4 |  4.0
Armour         | 3 5 6 8 10 | 10.0
Axes           | 4 5 6 8 |  8.1
Dodging        | 3 4 5 |  5.0

Action                   |  1- 3 |  4- 6 |  7- 9 || total
-------------------------+-------+-------+-------++-------
Melee: Hand axe          |    80 |    59 |    80 ||   219
       Headbutt          |    11 |    16 |    30 ||    57
       War axe           |       |    20 |    19 ||    39
Throw: Stone             |       |    19 |       ||    19
Invok: Berserk           |       |     5 |     2 ||     7
       Trog's Hand       |       |     2 |     2 ||     4
Armor: Ring mail         |     1 |       |       ||     1
       Plate armour      |    39 |    50 |    57 ||   146
Dodge: Dodged            |    31 |    37 |    42 ||   110
